 Dungeon Crawl Stone Soup version 0.29.1-1-gd02db6906a (webtiles) character file.

Game seed: 9356639394753416623

67 xian the Vexing (level 3, 0/24 HPs)
             Began as a Demonspawn Enchanter on Oct 13, 2022.
             Slain by a worm (1 damage)
             ... on level 2 of the Dungeon.
             The game lasted 00:03:45 (2178 turns).

xian the Vexing (Demonspawn Enchanter)              Turns: 2178, Time: 00:03:45

Health: 0/24       AC:  9    Str: 10    XL:     3   Next: 98%
Magic:  6/6        EV: 12    Int: 16    God:
Gold:   140        SH:  0    Dex: 13    Spells: 4/6 levels left

rFire   . . .      SeeInvis .   a - +1 dagger
rCold   . . .      Faith    .   (no shield)
rNeg    . . .      Spirit   .   b - +0 robe
rPois   .          Reflect  .   (no helmet)
rElec   .          Harm     .   (no cloak)
rCorr   .          Rampage  .   i - +0 pair of gloves
Will    .....                   (no boots)
Stlth   ++........              (no amulet)
HPRegen 0.08/turn               (no ring)
MPRegen 0.10/turn               (no ring)

@: sanguine armoured
A: powered by death 1, sanguine armour 1
a: no special abilities


You were on level 2 of the Dungeon.
You visited 1 branch of the dungeon, and saw 2 of its levels.

You collected 140 gold pieces.

Inventory:

Hand Weapons
 a - a +1 dagger (weapon)
Missiles
 h - 3 javelins (quivered)
Armour
 b - a +0 robe (worn)
 i - a +0 pair of gloves (worn)
Scrolls
 e - 2 scrolls of vulnerability {unknown}
 f - 4 scrolls of identify {unknown}
 k - a scroll of butterflies {unknown}
Potions
 c - 2 potions of invisibility
 d - a potion of attraction {unknown}
 g - a potion of haste {unknown}
 j - a potion of mutation {unknown}
 l - a potion of degeneration {unknown}
 m - a potion of flight {unknown}


   Skills:
 + Level 1.4 Short Blades
 + Level 2.1 Dodging
 + Level 3.5 Stealth
 + Level 2.1 Spellcasting
 + Level 3.7 Hexes


You had 4 spell levels left.
You knew the following spells:

 Your Spells              Type           Power      Damage    Failure   Level
a - Ensorcelled Hibernat  Hex/Ice        14%        N/A       14%         2

Your spell library contained the following spells:

 Spells                   Type           Power      Damage    Failure   Level
 Confusing Touch          Hex            13%        N/A       14%         3
 Tukima's Dance           Hex            13%        N/A       14%         3
 Dazzling Flash           Conj/Hex       14%        N/A       28%         3
 Ignite Poison            Fire/Tmut/Pois 1%         N/A       52%         3
 Mephitic Cloud           Conj/Pois/Air  1%         N/A       52%         3
 Freezing Cloud           Conj/Ice/Air   0%         6-21      99%         5


Dungeon Overview and Level Annotations

Branches:
Dungeon (2/15)

Altars:

Shops:
D:1 [


Innate Abilities, Weirdness & Mutations

You regenerate a little health from kills.
When seriously injured, your blood forms armour. (AC +6)


Message History

You see here a frilled lizard corpse.
You see here a frilled lizard corpse.
Found an escape hatch in the ceiling.
Found a stone staircase leading up.
There is an escape hatch in the ceiling here.
A worm comes into view.
The worm bites you!
You hit the worm.
The worm is lightly wounded.
The worm closely misses you.
You hit the worm.
The worm is moderately wounded.
You hit the worm.
The worm is moderately wounded.
The worm bites you.
Your blood congeals into armour.
You hit the worm but do no damage.
The worm is moderately wounded.
You hit the worm.
The worm is heavily wounded.
The worm bites you.
You completely miss the worm.
The worm is heavily wounded.
You hit the worm.
The worm is heavily wounded.
The worm closely misses you.
You hit the worm.
The worm is severely wounded.
The worm barely misses you.
You hit the worm. Your punch misses the worm.
The worm is almost dead.
You hit the worm.
The worm is almost dead.
The worm bites you!
* * * LOW HITPOINT WARNING * * *
You hit the worm.
The worm is almost dead.
You hit the worm but do no damage.
The worm is almost dead.
The worm bites you.
You die...

###############.#
#.........@w....#
#.###############
### #........
###.. #.#######
..... #.# ###.#
#<# #.# #.# #.#
#.# ##)#
#.####### #...


You could see a worm.

Vanquished Creatures
  2 gnolls (D:1)
  An adder (D:2)
  A dart slug (D:1)
  3 ball pythons (D:2)
  4 endoplasms
  4 giant cockroaches
  5 goblins
  2 hobgoblins
  3 kobolds
  A quokka (D:1)
  4 bats
  A frilled lizard (D:2)
  4 rats (D:1)
35 creatures vanquished.

Notes
Turn   | Place    | Note
-------+----------+-------------------------------------------
     0 | D:1      | xian the Demonspawn Enchanter began the quest for the Orb.
     0 | D:1      | Reached XP level 1. HP: 13/13 MP: 3/3
   334 | D:1      | Found Etam's Antique Armour Emporium.
   525 | D:1      | Gained mutation: When seriously injured, your blood forms
                  | armour. (AC +6) [demonic ancestry]
   525 | D:1      | Reached XP level 2. HP: 17/19 MP: 5/5
   549 | D:1      | Learned a level 2 spell: Ensorcelled Hibernation
   904 | D:1      | Found a faded altar of an unknown god.
  1108 | D:1      | Gained mutation: You regenerate a little health from kills.
                  | [demonic ancestry]
  1108 | D:1      | Reached XP level 3. HP: 11/24 MP: 3/6
  1512 | D:2      | Reached skill level 1 in Short Blades
  2176 | D:2      | HP: 1/24 [worm (8)]
  2178 | D:2      | Slain by a worm

Illustrated notes

Levels and vault maps discovered:
D:1:      lemuel_arrival_broad_hall, layout_rooms, serial_shops, shop,
          hellmonk_ecumenical_altar_inner_sanctum, grunt_decor_one_mirror
D:2:      layout_loops_ring

Skill      XL: |  1  2  3 |
---------------+----------+-----
Dodging        | 2 |  2.1
Stealth        | 3 |  3.5
Short Blades   | 1 |  1.4
Spellcasting   | |  2.1
Hexes          | |  3.7

Action                   || total
-------------------------++-------
Melee: Dagger            ||   136
       Punch             ||     1
Throw: Javelin           ||     1
 Cast: Ensorcelled Hiber ||     6
 Stab: Sleeping          ||    13
Armor: Robe              ||    34
Dodge: Dodged            ||    72
